Map: Eternal Empire LE

Players

AGOElazer (Elazer)

  • Race: Zerg Zerg
  • League: Grandmaster
  • Spawn Location: 7:00

goblin - Winner!

  • Race: Protoss Protoss
  • League: Master
  • Spawn Location: 1:00

Event: DreamHack SC2 Masters 2020 Summer Europe

VOD

Have the link to the VOD?

Description

Time

  • Played on: July 5, 2020, 1:19 p.m.
  • Length: 20:29

All games in this series

Show
View Real Time Build Order
Export as new Build Order

AGOElazer Zerg 

Build Orders: Hatch First 

Get SALT Encoding   

  12  0:00  Drone  
  13  0:12  Overlord  
  13  0:16  Drone  
  14  0:30  Drone x2  
  16  0:48  Hatchery  
  15  0:51  Drone  
  15  0:54  Drone  
  17  0:58  Drone  
  18  1:09  Extractor  
  17  1:13  Spawning Pool  
  17  1:16  Drone  
  17  1:19  Drone  
  18  1:28  Drone  
  19  1:38  Drone  
  20  1:49  Drone  
  21  2:00  Queen x2  
  21  2:01  Overlord, Zergling x2  
  26  2:11  Drone, Zergling x2  
  30  2:22  Drone x2  
  30  2:27  Hatchery  
  29  2:33  Drone x2  
  31  2:39  Queen  
  33  2:44  Metabolic Boost  
  33  2:50  Overlord  
  33  2:52  Drone  
  33  2:54  Drone  
  33  2:57  Drone  
  36  3:06  Overlord  
  36  3:11  Drone  
  36  3:12  Drone x4  
  41  3:17  Queen  
  41  3:19  Drone  
  44  3:25  Drone x3  
  47  3:30  Drone  
  47  3:31  Drone  
  49  3:39  Queen  
  49  3:40  Drone  
  52  3:41  Overlord  
  52  3:44  Drone x2  
  54  3:48  Drone  
  54  3:49  Drone x2  
  54  3:52  Drone  
  58  3:57  Overlord  
  58  3:58  Spore Crawler  
  57  4:03  Queen  
  57  4:04  Overlord  
  57  4:05  Drone  
  57  4:06  Drone  
  57  4:07  Drone  
  57  4:08  Drone  
  63  4:13  Spore Crawler  
  63  4:15  Drone, Spore Crawler  
  62  4:20  Zergling x8  
  66  4:28  Zergling x6  
  66  4:29  Zergling x4  
  66  4:31  Overlord  
  71  4:33  Drone  
  71  4:36  Roach Warren  
  71  4:39  Extractor  
  71  4:42  Drone x2  
  71  4:43  Overlord  
  71  4:44  Drone x2  
  74  4:48  Overlord  
  74  4:53  Overlord  
  74  4:57  Drone x4  
  74  4:58  Overlord  
  78  5:00  Drone x4  
  78  5:05  Drone  
  82  5:07  Lair  
  82  5:09  Overlord  
  82  5:11  Zergling x2, Extractor  
  79  5:15  Zergling x2  
  79  5:18  Zergling x6  
  79  5:19  Overlord  
  82  5:24  Zergling x8  
  82  5:27  Overlord  
  84  5:29  Hatchery  
  84  5:31  Overlord  
  84  5:34  Zergling x2  
  84  5:35  Zergling x4  
  86  5:40  Zergling x2  
  86  5:41  Evolution Chamber  
  86  5:42  Zergling x2  
  87  5:46  Overlord  
  87  5:47  Drone x3  
  90  5:50  Drone x4  
  90  5:54  Spore Crawler x2  
  90  5:55  Drone  
  90  5:56  Queen  
  95  6:00  Queen  
  95  6:01  Drone x3  
  96  6:05  Drone x2  
  96  6:10  Overlord  
  92  6:15  Spore Crawler, Zergling x2  
  92  6:16  Spore Crawler, Zergling x2  
  92  6:18  Overlord  
  89  6:19  Zerg Melee Weapons Level 1  
  89  6:24  Hydralisk Den, Extractor  
  89  6:25  Extractor, Queen  
  86  6:28  Zergling x2  
  86  6:29  Zergling x12  
  86  6:30  Zergling x2  
  94  6:36  Overlord  
  89  6:40  Drone x2  
  89  6:44  Drone x2  
  89  6:45  Overlord  
  89  6:46  Drone x2  
  95  6:48  Drone  
  95  6:50  Spore Crawler  
  95  6:55  Overlord  
  95  6:59  Drone x8  
  99  7:10  Hydralisk x4  
  99  7:15  Hydralisk x4  
  104  7:22  Hydralisk x5  
  107  7:29  Hydralisk x4  
  111  7:33  Hydralisk  
  111  7:35  Overlord  
  117  7:41  Hydralisk x4  
  117  7:44  Overlord  
  119  7:53  Overlord  
  119  7:55  Hydralisk x3, Extractor  
  119  7:56  Baneling Nest  
  123  8:01  Muscular Augments  
  123  8:02  Drone x4  
  125  8:08  Drone  
  125  8:09  Drone  
  125  8:12  Drone x2  
  129  8:18  Drone  
  129  8:20  Drone  
  129  8:23  Drone  
  129  8:25  Zerg Missile Weapons Level 1, Overlord  
  129  8:26  Queen x3  
  135  8:29  Drone  
  136  8:36  Spore Crawler  
  136  8:37  Overlord  
  136  8:39  Hydralisk x3  
  141  8:46  Centrifical Hooks  
  140  8:50  Overlord x2  
  140  8:52  Hydralisk x2  
  140  8:54  Overlord  
  144  8:57  Overlord  
  143  9:05  Hydralisk x4  
  143  9:09  Overlord  
  151  9:13  Grooved Spines  
  151  9:14  Overlord  
  151  9:16  Hydralisk x3  
  157  9:21  Hydralisk  
  159  9:24  Overlord  
  159  9:27  Overlord x2  
  155  9:33  Zergling x2  
  150  9:39  Zergling x6  
  148  9:46  Hydralisk x2  
  148  9:47  Queen  
  148  9:50  Zergling x2  
  148  9:51  Zergling x14  
  162  9:53  Baneling x8  
  162  9:56  Zergling x8  
  166  10:02  Unknown, Zergling x4  
  166  10:04  Hydralisk x2  
  165  10:14  Overlord  
  165  10:19  Zerg Melee Weapons Level 2  
  165  10:20  Hydralisk x6  
  176  10:22  Zergling x4  
  176  10:24  Baneling  
  176  10:25  Baneling x4  
  178  10:31  Baneling x7  
  178  10:33  Zergling x6  
  181  10:35  Baneling x3  
  181  10:36  Baneling  
  181  10:44  Zergling x2  
  181  10:45  Zergling x12  
  181  10:48  Zergling x6  
  166  11:00  Zergling x2  
  166  11:01  Zergling x8  
  125  11:07  Hydralisk x3  
  125  11:10  Hydralisk  
  110  11:19  Hydralisk x3  
  114  11:25  Hydralisk  
  110  11:33  Hydralisk x4  
  110  11:38  Hydralisk  
  110  11:39  Hydralisk x2  
  123  11:41  Queen x2  
  125  11:47  Hydralisk  
  127  11:56  Hydralisk  
  127  11:57  Hydralisk x3, Infestation Pit  
  127  11:59  Hydralisk  
  136  12:09  Drone x3  
  136  12:12  Drone x2  
  136  12:14  Drone  
  143  12:15  Drone  
  143  12:16  Drone  
  143  12:18  Drone  
  143  12:21  Drone x2  
  146  12:23  Drone  
  146  12:27  Baneling x7  
  146  12:35  Zerg Missile Weapons Level 2, Pathogen Glands  
  146  12:38  Overlord  
  146  12:40  Drone x4  
  148  12:47  Baneling  
  148  12:58  Hydralisk x4  
  155  13:07  Hatchery  
  155  13:09  Hydralisk  
  155  13:10  Hydralisk x5  
  164  13:17  Infestor x3  
  167  13:21  Infestor  
  167  13:22  Infestor  
  167  13:24  Infestor  
  171  13:32  Hydralisk x4  
  178  13:40  Hydralisk x3  
  184  13:44  Zergling x6  
  184  13:47  Neural Parasite  
  187  13:52  Drone x3  
  187  13:54  Zergling x2  
  186  14:01  Zergling x12  
  189  14:10  Zergling x10  
  194  14:18  Hydralisk x3  
  200  14:34  Hydralisk  
  200  14:35  Hydralisk x4  
  191  14:43  Hydralisk x5  
  171  14:50  Burrow  
  153  14:54  Zergling x2  
  153  14:55  Zergling x12  
  146  15:01  Infestor x2  
  146  15:04  Infestor  
  146  15:06  Infestor  
  152  15:15  Infestor  
  154  15:22  Hydralisk x4  
  154  15:23  Extractor x2  
  149  15:36  Zergling x20  
  159  16:00  Hatchery, Zergling x16  
  159  16:04  Overlord  
  161  16:27  Infestor x7  
  159  16:38  Hive, Zerg Ground Armor Level 1  
  159  16:39  Spire  
  158  16:40  Drone x4  
  158  16:42  Drone x4  
  166  16:55  Drone x8  
  172  17:01  Spore Crawler  
  172  17:04  Spore Crawler  
  172  17:07  Drone x4  
  161  17:22  Spore Crawler x2  
  159  17:24  Spore Crawler  
  157  17:34  Baneling  
  157  17:35  Baneling x5  
  157  17:36  Baneling x2  
  157  17:41  Drone x5  
  162  17:48  Spore Crawler x2  
  162  17:49  Drone x5  
  162  17:50  Drone, Spore Crawler  
  164  17:55  Adrenal Glands  
  164  17:56  Spore Crawler  
  159  18:09  Overlord  
  159  18:12  Greater Spire  
  157  18:18  Overseer  
  157  18:22  Zergling x2  
  157  18:23  Zergling x14  
  165  18:29  Drone x4  
  165  18:30  Drone x2  
  171  18:35  Viper x3  
  171  18:37  Viper  
  183  18:48  Corruptor x2  
  183  18:55  Corruptor x2  
  166  19:17  Corruptor x6  
  166  19:38  Overseer x3  
  164  19:40  Hatchery, Brood Lord x2  
Show
View Real Time Build Order
Export as new Build Order

goblin Protoss - Winner!

Build Orders: Nexus First, Oracle Opening, Phoenix Opening, Carriers, Mass Phoenix 

Get SALT Encoding   

  12  0:00  Probe  
  13  0:12  Probe  
  14  0:17  Pylon  
  14  0:24  Probe  
  15  0:33  Probe  
  15  0:41  Probe  
  17  0:52  Probe  
  18  1:02  Nexus  
  18  1:11  Gateway  
  18  1:15  Probe  
  19  1:20  Assimilator  
  19  1:25  Probe  
  19  1:26  Assimilator  
  20  1:33  Probe  
  20  1:34  Pylon  
  21  1:41  Probe  
  22  1:53  Probe  
  23  1:58  Cybernetics Core  
  23  2:00  Zealot  
  25  2:05  Probe  
  26  2:10  Probe  
  26  2:13  Probe  
  27  2:18  Probe  
  27  2:21  Probe  
  29  2:28  Probe  
  30  2:31  Probe  
  30  2:34  Stalker  
  34  2:37  Stargate  
  34  2:40  Probe  
  34  2:42  Warp Gate  
  35  2:45  Probe  
  36  2:53  Gateway  
  36  2:54  Probe  
  36  2:57  Probe  
  38  3:00  Assimilator  
  38  3:05  Probe  
  38  3:08  Assimilator  
  38  3:09  Probe  
  38  3:12  Oracle, Pylon  
  40  3:14  Probe  
  41  3:21  Probe  
  41  3:22  Probe  
  46  3:28  Pylon  
  46  3:32  Probe  
  46  3:33  Probe  
  48  3:36  Stargate  
  48  3:44  Probe  
  48  3:45  Probe  
  50  3:49  Phoenix  
  52  3:56  Probe  
  52  3:57  Probe  
  54  4:05  Pylon, Stargate  
  54  4:14  Phoenix  
  54  4:15  Pylon  
  56  4:21  Phoenix  
  58  4:33  Zealot  
  58  4:34  Adept  
  58  4:37  Protoss Air Weapons Level 1  
  62  4:39  Phoenix  
  64  4:46  Phoenix  
  64  4:52  Phoenix  
  68  4:55  Nexus  
  68  4:58  Pylon  
  68  4:59  Pylon  
  68  5:11  Phoenix x2  
  68  5:17  Zealot  
  68  5:18  Zealot  
  68  5:20  Phoenix  
  71  5:23  Pylon, Probe x2  
  73  5:34  Pylon  
  73  5:35  Probe  
  74  5:37  Nexus  
  74  5:39  Pylon  
  74  5:40  Phoenix  
  76  5:50  Phoenix x2  
  80  5:58  Adept  
  80  6:02  Shield Battery  
  80  6:05  Oracle  
  80  6:08  Adept  
  80  6:19  Shield Battery  
  80  6:21  Oracle  
  80  6:23  Zealot  
  85  6:27  Probe x2  
  85  6:32  Phoenix  
  89  6:43  Phoenix  
  89  6:45  Assimilator  
  89  6:46  Probe  
  89  6:47  Shield Battery, Probe  
  93  6:50  Assimilator  
  93  6:55  Shield Battery  
  93  6:57  Oracle  
  93  6:59  Probe  
  93  7:01  Oracle  
  100  7:09  Probe x2  
  102  7:19  Probe x3  
  102  7:27  Probe x3  
  102  7:28  Phoenix  
  101  7:32  Phoenix x2  
  104  7:37  Probe x2  
  104  7:38  Probe  
  105  7:48  Phoenix  
  105  7:49  Probe x2  
  107  7:54  Phoenix  
  107  7:55  Gateway, Twilight Council  
  111  7:59  Gateway x2  
  111  8:00  Pylon  
  111  8:01  Probe  
  111  8:02  Probe  
  111  8:04  Gateway  
  113  8:12  Pylon x2  
  113  8:17  Zealot x2  
  115  8:27  Pylon  
  115  8:29  Shield Battery  
  115  8:34  Charge  
  115  8:35  Fleet Beacon  
  115  8:39  Oracle  
  115  8:40  Oracle x2  
  121  9:12  Carrier x2  
  121  9:15  Zealot x2  
  121  9:16  Adept  
  127  9:18  Carrier  
  127  9:22  Pylon  
  127  9:23  Nexus  
  142  9:55  Probe x3  
  145  10:02  Pylon x2  
  145  10:03  Adept, Zealot, Pylon  
  149  10:08  Protoss Air Weapons Level 2  
  149  10:20  Probe  
  149  10:21  Pylon  
  150  10:24  Pylon x2  
  150  10:25  Pylon  
  149  10:33  Zealot x4  
  157  10:39  Carrier  
  157  10:40  Carrier  
  154  10:48  Zealot x2  
  148  11:02  Probe x3  
  117  11:07  Carrier  
  110  11:14  Probe  
  117  11:20  Zealot  
  117  11:21  Zealot x2  
  112  11:56  Carrier  
  112  11:58  Carrier  
  124  12:19  Templar Archives  
  124  12:24  Probe  
  124  12:27  Probe x2  
  127  12:32  Probe  
  128  12:39  Probe x2  
  130  12:46  Probe  
  131  12:51  Probe  
  131  12:55  Nexus, Pylon  
  131  12:57  Psionic Storm  
  130  13:10  High Templar  
  130  13:11  High Templar x4  
  138  13:30  Protoss Air Weapons Level 3  
  138  13:39  Forge, Probe x2  
  138  13:40  Probe  
  141  13:51  Probe  
  142  14:02  High Templar x3  
  146  14:03  High Templar  
  146  14:08  Archon, Probe x2  
  146  14:09  Archon  
  152  14:10  Unknown  
  152  14:12  Probe x2  
  152  14:15  Photon Cannon  
  152  14:16  Photon Cannon  
  154  14:18  Photon Cannon  
  154  14:19  Photon Cannon  
  152  14:35  Zealot x3  
  147  14:57  Protoss Shields Level 1  
  147  15:02  High Templar x4  
  147  15:03  Zealot x2  
  159  15:10  Archon x2  
  151  15:17  Unknown  
  151  15:19  Probe  
  151  15:20  Pylon, Probe x3  
  151  15:31  Probe  
  152  15:44  Photon Cannon  
  152  15:46  Photon Cannon  
  152  16:03  Protoss Air Armor Level 1, Zealot  
  152  16:04  Zealot x3  
  156  16:21  Carrier x2, High Templar x2  
  160  16:26  Photon Cannon  
  160  16:29  Photon Cannon  
  160  16:32  Archon  
  172  16:43  Mothership  
  172  16:44  Pylon  
  172  16:57  High Templar x6  
  184  17:16  Nexus  
  184  17:18  Photon Cannon  
  184  17:21  Archon, Pylon  
  184  17:22  Archon  
  184  17:24  Archon  
  184  17:28  Protoss Shields Level 2  
  184  17:33  Pylon  
  184  17:36  Photon Cannon  
  184  17:39  Photon Cannon  
  184  17:41  Shield Battery  
  184  17:48  Nexus  
  184  17:52  Assimilator  
  184  17:58  Assimilator  
  179  18:07  Pylon  
  179  18:13  Photon Cannon, Shield Battery  
  179  18:16  Photon Cannon  
  179  18:25  Pylon  
  179  18:27  Photon Cannon  
  179  18:31  Robotics Facility  
  179  18:44  Assimilator  
  179  18:49  High Templar x4  
  179  18:50  Zealot x2  
  179  18:54  Archon x2  
  179  18:55  Photon Cannon  
  189  18:57  Shield Battery  
  169  19:34  High Templar x2, Zealot x4  
  169  19:37  Gateway  
  181  19:41  Gateway  
  181  19:44  Archon  
  181  19:49  Observer  
  182  20:07  Observer  
Tags
 
Add a new tag
Caveats
  • Supply blocks, unpowered buildings, or Contaminate may cause inaccurate times.
  • Supply counts are checked every 10 seconds.